 Dungeon Crawl Stone Soup version 0.30.0-10-gfe55d96785 (webtiles) character file.

Game seed: 11118386210773713937

25 apoch the Chopper (level 2, -1/26 HPs)
             Began as a Minotaur Fighter on May 16, 2023.
             Slain by a gnoll
             ... wielding a +0 spear
              (2 damage)
             ... on level 2 of the Dungeon.
             The game lasted 00:01:44 (804 turns).

apoch the Chopper (Minotaur Fighter)                 Turns: 804, Time: 00:01:45

Health: -1/26      AC: 11    Str: 20    XL:     2   Next: 82%
Magic:  1/1        EV:  4    Int:  5    God:
Gold:   57         SH:  0    Dex:  9    Spells: 1/1 levels left

rFire   . . .        a - +0 war axe
rCold   . . .        c - +0 buckler
rNeg    . . .        o - +0 chain mail
rPois   .            (helmet restricted)
rElec   .            e - +0 cloak
rCorr   .            f - +0 pair of gloves
SInv    .            (no boots)
Will    .....        (no amulet) Stlth
                     (no ring)
HPRegen 0.24/turn    (no ring)
MPRegen 0.07/turn

%: no passive effects
@: mighty, held
A: horns 2, retaliatory headbutt
a: no special abilities


You were on level 2 of the Dungeon.
You visited 1 branch of the dungeon, and saw 2 of its levels.

You collected 57 gold pieces.

Inventory:

Hand Weapons
 a - a +0 war axe (weapon)
Missiles
 p - 4 boomerangs of dispersal
 s - a stone (quivered)
Armour
 b - a +0 scale mail
 c - a +0 buckler (worn)
 e - a +0 cloak (worn)
 f - a +0 pair of gloves (worn)
 o - a +0 chain mail (worn)
Scrolls
 k - a scroll of immolation {unknown}
 n - 3 scrolls of blinking {unknown}
 q - a scroll of noise {unknown}
Potions
 g - a potion of resistance {unknown}
 h - 2 potions of cancellation {unknown}
 i - a potion of heal wounds {unknown}
 j - a potion of attraction {unknown}
 l - a potion of curing {unknown}
 m - 2 potions of flight {unknown}
 r - a potion of lignification {unknown}


   Skills:
 - Level 3.6 Fighting
 + Level 4.2 Axes
 - Level 3.6 Armour
 - Level 3.6 Shields


You had one spell level left.
You didn't know any spells.
Your spell library was empty.

Dungeon Overview and Level Annotations

Branches:
Dungeon (2/15)

Altars:


Innate Abilities, Weirdness & Mutations

You have a pair of horns on your head.
You reflexively headbutt those who attack you in melee.


Message History

The gnoll hits you with a +0 club.
You barely miss the gnoll. You hit the gnoll.
The gnoll hits you but does no damage.
The gnoll hits you from afar with a +0 spear.
You block the gnoll's attack. x2; The gnoll hits you but does no damage.
You completely miss the gnoll. You closely miss the gnoll.
You block the gnoll's attack. The gnoll hits you but does no damage.
Unknown command.
You slash the gnoll!
You headbutt the gnoll, but do no damage.
The gnoll is almost dead.
You hit the gnoll. You barely miss the gnoll. You block the gnoll's attack.
The gnoll hits you from afar with a +0 spear.
The gnoll hits you but does no damage.
The gnoll unwields a +0 sling.
The gnoll wields a +0 spear.
The gnoll hits you with a +0 spear. The gnoll closely misses you.
You furiously retaliate!
You headbutt the gnoll. The gnoll hits you with a +0 whip.
You block the gnoll's attack. The gnoll attacks as you move away!
The gnoll barely misses you. x2
You furiously retaliate!
You headbutt the gnoll.
You kill the gnoll!
The gnoll throws a throwing net.
The throwing net hits you.
You become entangled in the net!
The gnoll hits you with a +0 spear.
Your Axes skill increases to level 4!
You see here a throwing net.
You struggle against the net.
The gnoll barely misses you. You furiously retaliate!
You headbutt the gnoll, but do no damage.
The gnoll hits you with a +0 club.
* * * LOW HITPOINT WARNING * * *
Unknown command.
You feel very mighty all of a sudden.
The gnoll hits you but does no damage. x3
You struggle against the net.
The gnoll hits you with a +0 spear.
* * * LOW HITPOINT WARNING * * *
The gnoll hits you but does no damage. x2
You tear a large gash into the net.
The gnoll barely misses you. You furiously retaliate!
You headbutt the gnoll!!
You kill the gnoll!
The gnoll hits you with a +0 spear.
You die...

.## #.#...# #.# #.#
#. #.###.# #.. ...
# #.###.###.###
#............
####.#.###..## #
#.......##...###.##
#.#####.#
#.?#....## #
##.###.........
##.....g@g....#
#.#.....)..##.#
.####..###..###
#............#
############.# #.#
#.# #.# .#


You could see 2 gnolls.

Vanquished Creatures
  2 gnolls (D:2)
  A dart slug (D:1)
  2 endoplasms (D:1)
  A hobgoblin (D:2)
  3 kobolds
  A quokka (D:2)
  A ball python (D:2)
  A bat (D:2)
  2 goblins
  A rat (D:1)
15 creatures vanquished.

Notes
Turn   | Place    | Note
-------+----------+-------------------------------------------
     0 | D:1      | apoch the Minotaur Fighter began the quest for the Orb.
     0 | D:1      | Reached XP level 1. HP: 19/19 MP: 0/0
    61 | D:1      | Found a faded altar of an unknown god.
   135 | D:1      | Reached skill level 3 in Axes
   231 | D:1      | Reached XP level 2. HP: 26/26 MP: 1/1
   801 | D:2      | Reached skill level 4 in Axes
   803 | D:2      | HP: 1/26 [gnoll/+0 spear (5)]
   804 | D:2      | Slain by a gnoll

Illustrated notes

Levels and vault maps discovered:
D:1:      roderic_crop_circles_arrival_small, layout_loops_cross,
          hellmonk_ecumenical_altar_zigzags
D:2:      layout_loops_ring, basic_altar, hangedman_decor_clover_reticule

Skill      XL: |  1  2 |
---------------+-------+-----
Axes           | 3 4 |  4.2
Fighting       | |  3.6
Armour         | |  3.6
Shields        | |  3.6

Action                     || total
---------------------------++-------
  Melee: War axe           ||    28
         Headbutt          ||     4
  Throw: Stone             ||     3
    Use: Potion            ||     1
 Armour: Scale mail        ||     1
         Chain mail        ||    24
  Dodge: Dodged            ||    12
  Block: Buckler           ||     9
